[Event "Early-Titled-Tuesday-Blitz-October-03-2023"]
[Site "Chess.com"]
[Date "2023.10.03"]
[Round "5"]
[White "Biregina"]
[Black "vasblesk"]
[Result "0-1"]
[WhiteElo "2463"]
[BlackElo "2684"]
[TimeControl "180+1"]
[EndTime "8:51:13 PDT"]
[Termination "vasblesk won by resignation"]

1. d3 d5 2. Nf3 Nf6 3. Nbd2 c5 4. e3 Nc6 5. c4 e5 6. Be2 Be7 7. O-O O-O 8. cxd5 Nxd5 9. Nc4 f6 10.
a3 Kh8 11. Bd2 Be6 12. e4 Nc7 13. Ne3 Nb5 14. Rc1 Nbd4 15. Nxd4 Nxd4 16. Bg4 Bb3 17. Qe1 b5 18. f4 Bd6 19. fxe5 fxe5 20. Qh4 Qxh4 0-1

[Event "Early-Titled-Tuesday-Blitz-October-03-2023"]
[Site "Chess.com"]
[Date "2023.10.03"]
[Round "5"]
[White "Barmen_EV"]
[Black "Goi_Manne"]
[Result "1-0"]
[WhiteElo "2449"]
[BlackElo "2290"]
[TimeControl "180+1"]
[EndTime "8:51:14 PDT"]
[Termination "Barmen_EV won by resignation"]

1. e4 c6 2. d4 d5 3. e5 Bf5 4.
h4 Qc7 5. g4 Bd7 6. f4 c5 7. c3 cxd4 8. Be2 dxc3 9. Nxc3 e6 10. Nf3 Bc5 11. f5 exf5 12. Nxd5 Qc6 13. gxf5 Bxf5 14. Bb5 Bb4+ 15. Kf2 Bc5+ 16. Kg2 Ne7 17. Nc7+ Kf8 18. Qd8+ 1-0

[Event "Early-Titled-Tuesday-Blitz-October-03-2023"]
[Site "Chess.com"]
[Date "2023.10.03"]
[Round "5"]
[White "Witty_Alien"]
[Black "elamier"]
[Result "1-0"]
[WhiteElo "2251"]
[BlackElo "2393"]
[TimeControl "180+1"]
[EndTime "8:51:14 PDT"]
[Termination "Witty_Alien won by checkmate"]

1. e4 c5 2. Nf3 d6 3. d4 cxd4 4. Nxd4 Nf6 5. Nc3 a6 6. Bc4 e6 7. Bb3 b5 8. O-O Be7 9. f4 O-O 10. Qf3 Bb7 11. Qg3 Nxe4 12. Nxe4 Bxe4 13. Bxe6 fxe6 14.
Nxe6 Qd7 15. Qxg7# 1-0

[Event "Early-Titled-Tuesday-Blitz-October-03-2023"]
[Site "Chess.com"]
[Date "2023.10.03"]
[Round "5"]
[White "CarlosjPineror"]
[Black "i_like_explosions"]
[Result "1-0"]
[WhiteElo "2505"]
[BlackElo "2388"]
[TimeControl "180+1"]
[EndTime "8:51:31 PDT"]
[Termination "CarlosjPineror won by resignation"]

1. e4 c5 2. Nf3 Nc6 3. d4 c4 4.
Bxc4 d6 5. h3 g6 6. O-O Bg7 7.
c3 e6 8. Bg5 Nge7 9. Qd2 h6 10.
Be3 d5 11. exd5 Nxd5 12. Bxd5 Qxd5 13. Na3 a6 14. Rfe1 g5 15. c4 Qf5 16. d5 Nd8 17. Bd4 O-O 18. Bxg7 Kxg7 19. Re5 Qf6 20. Rae1 Bd7 21.
Nb1 b6 22. Nc3 Nb7 23. Ne4 Qg6 24. Nexg5 1-0

[Event "Early-Titled-Tuesday-Blitz-October-03-2023"]
[Site "Chess.com"]
[Date "2023.10.03"]
[Round "5"]
[White "elcala"]
[Black "Al_Shima"]
[Result "0-1"]
[WhiteElo "1726"]
[BlackElo "2342"]
[TimeControl "180+1"]
[EndTime "8:51:38 PDT"]
[Termination "Al_Shima won by resignation"]

1. d4 e5 2. Nf3 exd4 3. Nxd4 d5 4.
Nc3 Bb4 5. Bd2 c5 6. Nf3 Nf6 7.
a3 Ba5 8. Na2 Bc7 9. e3 O-O 10.
c4 d4 11. exd4 cxd4 12. Be2 d3 13. Bf1 Ng4 14. Qc1 Re8+ 15. Be3 Bf4 0-1

[Event "Early-Titled-Tuesday-Blitz-October-03-2023"]
[Site "Chess.com"]
[Date "2023.10.03"]
[Round "5"]
[White "Ariadna_Atreides"]
[Black "Danirod"]
[Result "0-1"]
[WhiteElo "2196"]
[BlackElo "2602"]
[TimeControl "180+1"]
[EndTime "8:51:42 PDT"]
[Termination "Danirod won by resignation"]

1. d4 Nf6 2. Nf3 g6 3. c4 Bg7 4. Nc3 d5 5. cxd5 Nxd5 6. Bd2 O-O 7. e4 Nb6 8. Be3 Bg4 9. Qd2 Bxf3 10. gxf3 Nc6 11. O-O-O e5 12. d5 Nd4 13. h4 Nxf3 14. Qc2 Nd4 15. Qd3 c6 16. Bg2 cxd5 17. exd5 Rc8 18. Kb1 Nc4 19. h5 Qb6 20. Bc1 Na3+ 21.
Ka1 Ndc2+ 0-1

[Event "Early-Titled-Tuesday-Blitz-October-03-2023"]
[Site "Chess.com"]
[Date "2023.10.03"]
[Round "5"]
[White "Itk04"]
[Black "JulbeNn"]
[Result "1-0"]
[WhiteElo "2736"]
[BlackElo "2492"]
[TimeControl "180+1"]
[EndTime "8:52:09 PDT"]
[Termination "Itk04 won by resignation"]

1. d4 Nf6 2. c4 c5 3. d5 b5 4.
Na3 a6 5. g4 Nxg4 6. e4 Ne5 7.
f4 Nxc4 8. Bxc4 bxc4 9. Nxc4 d6 10. Bd2 e6 11. Nf3 exd5 12. exd5 Be7 13. Ba5 Qd7 14. Nb6 Qb5 15. Qd2 Bb7 16. a4 Qb3 17. Ra3 1-0

[Event "Early-Titled-Tuesday-Blitz-October-03-2023"]
[Site "Chess.com"]
[Date "2023.10.03"]
[Round "5"]
[White "Aradhya2000"]
[Black "vedantgoswami"]
[Result "1-0"]
[WhiteElo "2698"]
[BlackElo "2410"]
[TimeControl "180+1"]
[EndTime "8:52:12 PDT"]
[Termination "Aradhya2000 won by resignation"]

1. d4 c6 2. Nf3 d5 3. Bf4 Bg4 4. Ne5 Bf5 5. e3 Nd7 6. Bd3 Bxd3 7. Nxd3 e6 8. O-O Ngf6 9. b3 Be7 10. c4 O-O 11.
Nc3 Qa5 12. Qc2 Qa6 13. c5 b6 14. Na4 Qb7 15. Rfc1 b5 16. Nc3 a5 17. h3 Rfe8 18. a3 Bd8 19. b4 a4 20. Bg3 Bc7 21. f4 Ne4 22. Nxe4 dxe4 23. Ne5 f5 24. Nxd7 1-0

[Event "Early-Titled-Tuesday-Blitz-October-03-2023"]
[Site "Chess.com"]
[Date "2023.10.03"]
[Round "5"]
[White "Mihajlovskij"]
[Black "ezkybel"]
[Result "0-1"]
[WhiteElo "2279"]
[BlackElo "2472"]
[TimeControl "180+1"]
[EndTime "8:52:18 PDT"]
[Termination "ezkybel won by resignation"]

1. e4 e6 2. d4 d5 3. e5 c5 4. c3 Nc6 5. Nf3 Bd7 6. Bd3 Nge7 7.
dxc5 Ng6 8. Qe2 Bxc5 9. O-O O-O 10. b4 Bb6 11. g3 a6 12. a4 Rc8 13.
h4 Bc7 14. Bxg6 fxg6 15. Bf4 Rf5 16. Nd4 Rxf4 17. gxf4 Qxh4 18. Qe3 Rf8 19. Ne2 Ne7 20. Qg3 Qh5 21. Nd2 Qxe2 0-1

[Event "Early-Titled-Tuesday-Blitz-October-03-2023"]
[Site "Chess.com"]
[Date "2023.10.03"]
[Round "5"]
[White "Dixit_Nikhil"]
[Black "Murad_Ibrahimli"]
[Result "1/2-1/2"]
[WhiteElo "2643"]
[BlackElo "2912"]
[TimeControl "180+1"]
[EndTime "8:52:20 PDT"]
[Termination "Game drawn by repetition"]

1. e4 c5 2. Nf3 d6 3. Bb5+ Bd7 4. Bxd7+ Qxd7 5. O-O Nf6 6. e5 dxe5 7. Nxe5 Qc8 8. d3 Nc6 9. Nxc6 Qxc6 10. Nc3 e6 11.
Qe2 Be7 12. Bg5 O-O 13. Ne4 Nxe4 14. Bxe7 Rfe8 15. Qxe4 Qxe4 16. dxe4 Rxe7 17. Rad1 Rc7 18. Rd6 Kf8 19. Rfd1 Ke7 20. Kf1 c4 21. Ke2 b6 22.
Ke3 Rb8 23. c3 a5 24. a4 b5 25. Ra6 bxa4 26. Rxa5 Rxb2 27. Rxa4 Rc2 28. Ra3 e5 29. Rd2 Rc1 30. Ke2 f6 31. Rd1 Rc2+ 32. Rd2 Rc1 33.
Rd1 Rc2+ 34. Rd2 Rc1 1/2-1/2

[Event "Early-Titled-Tuesday-Blitz-October-03-2023"]
[Site "Chess.com"]
[Date "2023.10.03"]
[Round "5"]
[White "Roman_Ovetchkin"]
[Black "Caroexpert"]
[Result "1-0"]
[WhiteElo "2708"]
[BlackElo "2498"]
[TimeControl "180+1"]
[EndTime "8:52:26 PDT"]
[Termination "Roman_Ovetchkin won by resignation"]

1. d4 d5 2. c4 e6 3. Nf3 a6 4. g3 dxc4 5. Bg2 Nc6 6. O-O Rb8 7. e4 Be7 8. d5 exd5 9. exd5 Nb4 10. Ne5 Nf6 11. Nc3 b5 12. a3 Bb7 13. axb4 Bxb4 14. Nc6 Bxc6 15. dxc6 O-O 16. Qxd8 Rfxd8 17. Rxa6 Rd3 18.
Bf4 1-0

[Event "Early-Titled-Tuesday-Blitz-October-03-2023"]
[Site "Chess.com"]
[Date "2023.10.03"]
[Round "5"]
[White "Doomfist26"]
[Black "B_nn_t"]
[Result "1-0"]
[WhiteElo "2583"]
[BlackElo "2400"]
[TimeControl "180+1"]
[EndTime "8:52:39 PDT"]
[Termination "Doomfist26 won by resignation"]

1. e4 c5 2. Nf3 Nc6 3. Bb5 g6 4. O-O Bg7 5. c3 e5 6. d4 cxd4 7. cxd4 Nxd4 8. Nxd4 exd4 9. Bf4 Ne7 10. a4 O-O 11. Bd6 Re8 12. Bc4 Nc6 13. Nd2 Qf6 14. Bg3 d6 15. f4 h5 16. e5 dxe5 17. fxe5 Qe7 18. Rxf7 Qc5 19. Re7+ Kf8 20. Rc7 Bf5 21. Rf7+ Kg8 22. Rxf5+ Kh7 23. Rxh5+ gxh5 24. Qxh5+ Bh6 25. Bd3+ Kg7 26. Qg6+ Kf8 27. Qf6+ Kg8 28. Qxh6 Qe7 29. Bc4+ 1-0

[Event "Early-Titled-Tuesday-Blitz-October-03-2023"]
[Site "Chess.com"]
[Date "2023.10.03"]
[Round "5"]
[White "parintele_chess"]
[Black "demondom"]
[Result "1-0"]
[WhiteElo "2247"]
[BlackElo "2109"]
[TimeControl "180+1"]
[EndTime "8:52:42 PDT"]
[Termination "parintele_chess won by resignation"]

1. d4 Nf6 2. Bf4 e6 3. Nf3 d5 4. e3 c5 5. c3 Nc6 6. Nbd2 Bd6 7. Bg3 O-O 8. Bd3 b6 9. e4 dxe4 10. Nxe4 Nxe4 11. Bxe4 Bb7 12. dxc5 Bxg3 13. hxg3 f5 14.
Bxc6 Bxc6 15. Qxd8 Rfxd8 16. cxb6 axb6 17. a3 Be4 18.
O-O h6 19. Rfd1 Kf7 20. Kf1 Kf6 21. Ke2 Bc2 22. Rxd8 Rxd8 23. Rc1 Bd3+ 24. Ke1 e5 25. Rd1 b5 26. Ng1 e4 27. Ne2 Rb8 28. Nf4 Bc4 29. Nd5+ Ke5 30. Nb4 g5 31. Nc6+ 1-0

[Event "Early-Titled-Tuesday-Blitz-October-03-2023"]
[Site "Chess.com"]
[Date "2023.10.03"]
[Round "5"]
[White "remi04"]
[Black "Bilan_Danila"]
[Result "1-0"]
[WhiteElo "2855"]
[BlackElo "2506"]
[TimeControl "180+1"]
[EndTime "8:52:47 PDT"]
[Termination "remi04 won by resignation"]

1. e4 c6 2. d4 d5 3. Nc3 b5 4. Bd3 e6 5. Nf3 Nf6 6. e5 Nfd7 7. Ne2 b4 8. h4 Ba6 9. h5 h6 10. Nf4 Be7 11. Rh3 Bxd3 12. Qxd3 c5 13. Rg3 Bf8 14. Nxe6 fxe6 15. Qg6+ Ke7 16. Ng5 1-0

[Event "Early-Titled-Tuesday-Blitz-October-03-2023"]
[Site "Chess.com"]
[Date "2023.10.03"]
[Round "5"]
[White "BlueWizzard"]
[Black "Arystanner"]
[Result "1-0"]
[WhiteElo "2966"]
[BlackElo "2839"]
[TimeControl "180+1"]
[EndTime "8:52:55 PDT"]
[Termination "BlueWizzard won by resignation"]

1. Nf3 d5 2. d3 Nf6 3. c4 e6 4. g3 Be7 5. Bg2 O-O 6. O-O b6 7.
Qc2 Bb7 8. Rd1 c5 9. d4 Nc6 10. cxd5 exd5 11. Nc3 cxd4 12. Nxd4 Nxd4 13. Rxd4 Bc5 14.
Rd1 Rc8 15. Qf5 Qe8 16. Bg5 Ne4 17. Nxe4 dxe4 18. h4 h6 19. Bf4 Qe7 20. Rd7 e3 21.
Bxe3 Qe8 22. Bxb7 Bxe3 23. Bxc8 1-0

[Event "Early-Titled-Tuesday-Blitz-October-03-2023"]
[Site "Chess.com"]
[Date "2023.10.03"]
[Round "5"]
[White "arminmusovic"]
[Black "ferrufino64"]
[Result "1-0"]
[WhiteElo "2514"]
[BlackElo "2214"]
[TimeControl "180+1"]
[EndTime "8:52:59 PDT"]
[Termination "arminmusovic won by resignation"]

1. a3 g6 2. Nc3 Bg7 3. e4 c5 4.
Bc4 Nc6 5. d3 e6 6. Bf4 Nge7 7.
Nb5 O-O 8. Bc7 Qe8 9. Nd6 Bxb2 10. Ne2 Nd5 11. Nxe8 Nc3 12. Nf6+ Kg7 13. Nxc3 Bxc3+ 14. Kf1 Bxf6 15. Bd6 Re8 16. Rb1 b6 17. h4 h6 18. h5 g5 19. Bb5 Bb7 20. Bxc6 dxc6 21. e5 Bd8 22. Bxc5 Bc7 23. Bd6 Bxd6 24. exd6 Rad8 25.
Qe1 f6 26. Qb4 c5 27. Qa4 a6 28. Rxb6 1-0

[Event "Early-Titled-Tuesday-Blitz-October-03-2023"]
[Site "Chess.com"]
[Date "2023.10.03"]
[Round "5"]
[White "wqws"]
[Black "WindWhistler11"]
[Result "1-0"]
[WhiteElo "2658"]
[BlackElo "2461"]
[TimeControl "180+1"]
[EndTime "8:53:02 PDT"]
[Termination "wqws won by resignation"]

1. e4 e6 2. d4 d5 3. Nc3 Bb4 4. e5 Ne7 5. a3 Bxc3+ 6. bxc3 c5 7. Nf3 Qa5 8. Bd2 Qa4 9. h4 Nbc6 10. dxc5 Qe4+ 11. Be2 Nxe5 12. Nxe5 Qxe5 13. O-O O-O 14. Re1 Qc7 15. Bd3 Qxc5 16. Qh5 Ng6 17. Qg5 Qe7 18.
h5 Qxg5 19. Bxg5 Nh8 20. h6 f6 21. hxg7 Kxg7 22. Bf4 Ng6 23. Bg3 Bd7 24. Rab1 b5 25.
Bxb5 Bxb5 26. Rxb5 Rae8 27. Ra5 Rf7 28. Rxd5 Rc8 29.
Rxe6 Rxc3 30. Ra6 Rxc2 31. Rda5 f5 32. Rxa7 f4 33. Rxf7+ Kxf7 34. Bxf4 Nxf4 35. Rf5+ Kg6 36. Rxf4 Rc1+ 37. Kh2 Rc2 38. a4 Ra2 39. Kg3 h5 40. f3 Kg5 41. Rb4 h4+ 42. Rxh4 1-0

[Event "Early-Titled-Tuesday-Blitz-October-03-2023"]
[Site "Chess.com"]
[Date "2023.10.03"]
[Round "5"]
[White "microbear"]
[Black "dennisodessa"]
[Result "0-1"]
[WhiteElo "2188"]
[BlackElo "2472"]
[TimeControl "180+1"]
[EndTime "8:53:02 PDT"]
[Termination "dennisodessa won by resignation"]

1. e4 e6 2. d4 d5 3. exd5 exd5 4.
Qf3 Bd6 5. Bd3 Nf6 6. h3 h6 7. Ne2 O-O 8. O-O Re8 9. c3 Nbd7 10. Bf4 Nf8 11. Bxd6 Qxd6 12. Nd2 c6 13. Rfe1 Ng6 14. Ng3 Bd7 15. Re3 Rxe3 16. fxe3 Re8 17. Re1 Bg4 18.
hxg4 Nh4 19. Qf2 Nxg4 20. Nf5 0-1

[Event "Early-Titled-Tuesday-Blitz-October-03-2023"]
[Site "Chess.com"]
[Date "2023.10.03"]
[Round "5"]
[White "Mops_2004"]
[Black "borocotoajua"]
[Result "1-0"]
[WhiteElo "2805"]
[BlackElo "2611"]
[TimeControl "180+1"]
[EndTime "8:53:09 PDT"]
[Termination "Mops_2004 won by resignation"]

1. g3 Nf6 2. Bg2 g6 3. d4 Bg7 4. e4 d6 5. Nc3 O-O 6. Nf3 Nc6 7.
d5 Nb8 8. O-O a5 9. Re1 Bg4 10. h3 Bxf3 11. Qxf3 Na6 12. Bf4 Nd7 13. h4 c6 14. h5 Qb6 15. Rab1 Nb4 16. Qe2 Qa6 17.
Qd2 Ne5 18. b3 gxh5 19. a3 c5 20. axb4 cxb4 21. Ne2 Rac8 22. Nd4 Rc3 23. Nf5 Bf6 24. Bg5 Bxg5 25. Qxg5+ Ng6 26. Qh6 1-0

[Event "Early-Titled-Tuesday-Blitz-October-03-2023"]
[Site "Chess.com"]
[Date "2023.10.03"]
[Round "5"]
[White "Daffidollchess2"]
[Black "HajiyevKanan"]
[Result "0-1"]
[WhiteElo "2703"]
[BlackElo "2542"]
[TimeControl "180+1"]
[EndTime "8:53:13 PDT"]
[Termination "HajiyevKanan won by resignation"]

1. e4 c6 2. Nc3 d5 3. d4 a6 4. Nf3 Bg4 5. h3 Bh5 6. Bd3 e6 7. Bf4 Nf6 8. e5 Nfd7 9. g4 Bg6 10. Bxg6 hxg6 11. Ne2 c5 12. c3 Nc6 13. Kf1 Qb6 14.
b3 Rc8 15. Kg2 cxd4 16. Nexd4 Nxd4 17. cxd4 Ba3 18. Bc1 Be7 19. Be3 Ba3 20. Bc1 Be7 21. Bb2 O-O 22. Rc1 Rc6 23. Rxc6 Qxc6 24. Qd3 Nb6 25.
h4 Qb5 26. Qb1 Qe2 27. h5 g5 28. h6 g6 29. Bc1 Rc8 30. Bxg5 Bxg5 31. Nxg5 Qxg4+ 32. Kf1 Qxg5 33. Ke2 Qg4+ 34. Ke3 Rc3+ 35. Kd2 Qxd4+ 0-1

[Event "Early-Titled-Tuesday-Blitz-October-03-2023"]
[Site "Chess.com"]
[Date "2023.10.03"]
[Round "5"]
[White "Good_Knight_Kiss"]
[Black "NovozhilovSemen"]
[Result "0-1"]
[WhiteElo "2407"]
[BlackElo "2591"]
[TimeControl "180+1"]
[EndTime "8:53:14 PDT"]
[Termination "NovozhilovSemen won by resignation"]

1. e4 c5 2. Nf3 Nc6 3. d4 cxd4 4. Nxd4 Nf6 5. Nc3 d6 6. Nd5 Nxd5 7. exd5 Qa5+ 8. Bd2 Qxd5 9. Nb5 Qe6+ 10. Be2 Qd7 11. c4 a6 12. Nc3 e6 13. Bf4 Be7 14. Qd2 O-O 15. O-O f5 16. Rfd1 e5 17. Bg5 Bxg5 18.
Qxg5 Nd4 19. Bd3 h6 20. Qe3 Qf7 21. Nd5 f4 22. Qe1 Bg4 23. f3 Bxf3 24. Rd2 Bg4 25. Qe4 Bf5 26. Qe1 Bxd3 27. Rxd3 Nc2 0-1

[Event "Early-Titled-Tuesday-Blitz-October-03-2023"]
[Site "Chess.com"]
[Date "2023.10.03"]
[Round "5"]
[White "LaPiToB"]
[Black "Rital44"]
[Result "0-1"]
[WhiteElo "2288"]
[BlackElo "2518"]
[TimeControl "180+1"]
[EndTime "8:53:29 PDT"]
[Termination "Rital44 won by resignation"]

1. d4 f5 2. c4 Nf6 3. g3 g6 4. Bg2 Bg7 5. Nf3 O-O 6. O-O d6 7. Nc3 c6 8. Re1 Na6 9. e4 Nxe4 10. Nxe4 fxe4 11. Rxe4 Bf5 12. Re2 e5 13. Bg5 Qc7 14. dxe5 dxe5 15. Qd2 Bg4 16. Re3 h6 17. Re4 Bxf3 18.
Bxf3 Rxf3 19. Bxh6 Raf8 20. Bxg7 Qxg7 21. Rae1 Rxf2 22.
Qd6 Qf6 23. Qxf6 R8xf6 24. Rxe5 Rxb2 25. Re8+ Kg7 26. R1e7+ Rf7 27. Re4 0-1

[Event "Early-Titled-Tuesday-Blitz-October-03-2023"]
[Site "Chess.com"]
[Date "2023.10.03"]
[Round "5"]
[White "stepanosinovsky"]
[Black "aistrel"]
[Result "0-1"]
[WhiteElo "2389"]
[BlackElo "2569"]
[TimeControl "180+1"]
[EndTime "8:53:34 PDT"]
[Termination "aistrel won on time"]

1. e4 c6 2. d3 d5 3. Nd2 e5 4.
Ngf3 Nf6 5. g3 Bd6 6. Bg2 O-O 7. O-O Re8 8. a4 Nbd7 9. Re1 Nf8 10. d4 dxe4 11. Nxe5 Bxe5 12. dxe5 Rxe5 13. Nc4 Qxd1 14. Rxd1 Re7 15. Bg5 Bf5 16. Nd6 Bg6 17. a5 Rd8 18. c4 b6 19. axb6 axb6 20. Be3 c5 21. Bf4 Ne6 22. Be5 Red7 23. Bxf6 gxf6 0-1

[Event "Early-Titled-Tuesday-Blitz-October-03-2023"]
[Site "Chess.com"]
[Date "2023.10.03"]
[Round "5"]
[White "whiteglovethief"]
[Black "KatakuriDono"]
[Result "1-0"]
[WhiteElo "2528"]
[BlackElo "2338"]
[TimeControl "180+1"]
[EndTime "8:53:34 PDT"]
[Termination "whiteglovethief won by resignation"]

1. d4 d5 2. c4 dxc4 3. e4 Nc6 4.
Nf3 Bg4 5. d5 Ne5 6. Bxc4 Bxf3 7. gxf3 Nxc4 8. Qa4+ Qd7 9. Qxc4 Nf6 10. Nc3 e5 11. Rg1 a6 12. a4 Rg8 13. Bg5 Be7 14. Rc1 Nh5 15. Bxe7 Qxe7 16. Ne2 O-O-O 17. b4 Kb8 18. a5 Nf4 19. Nxf4 exf4 20. b5 axb5 21. Qxb5 Qa3 22. Rb1 Qc3+ 23. Ke2 Qc2+ 24. Kf1 b6 25. axb6 c6 26. dxc6 Rd2 27. Qe5+ 1-0

[Event "Early-Titled-Tuesday-Blitz-October-03-2023"]
[Site "Chess.com"]
[Date "2023.10.03"]
[Round "5"]
[White "FM_Kappeler"]
[Black "Actuary44"]
[Result "0-1"]
[WhiteElo "2303"]
[BlackElo "2519"]
[TimeControl "180+1"]
[EndTime "8:53:36 PDT"]
[Termination "Actuary44 won by resignation"]

1. d4 Nf6 2. c4 g6 3. Nc3 Bg7 4. e4 d6 5. Nf3 O-O 6. Be2 e5 7.
O-O Nc6 8. d5 Ne7 9. b4 Nh5 10.
Re1 f5 11. Ng5 Nf4 12. Bf1 fxe4 13. Ncxe4 Nf5 14. c5 Nd4 15. cxd6 cxd6 16. Be3 h6 17. Bxd4 exd4 18. Nf3 Bg4 19. Qb3 d3 20. Bxd3 Nxd3 21. Qxd3 Bxf3 22. gxf3 Bxa1 23. Rxa1 Rc8 24. Re1 Rf5 25.
Ng3 Qg5 26. Qe4 Re5 27. Qb1 Rxe1+ 28. Qxe1 Rc1 0-1

[Event "Early-Titled-Tuesday-Blitz-October-03-2023"]
[Site "Chess.com"]
[Date "2023.10.03"]
[Round "5"]
[White "spotbet"]
[Black "SanchezKelvin"]
[Result "0-1"]
[WhiteElo "2431"]
[BlackElo "2619"]
[TimeControl "180+1"]
[EndTime "8:53:39 PDT"]
[Termination "SanchezKelvin won by resignation"]

1. e4 e5 2. f4 exf4 3. Bc4 Nc6 4. Nf3 g5 5. d4 Bg7 6. c3 h6 7.
O-O Nge7 8. g3 g4 9. Bxf4 gxf3 10. Bxf7+ Kxf7 11. Qxf3 Kg8 12. Qh5 Rh7 13. Nd2 d6 14.
Be3 Bd7 15. Rf7 Be8 16. Rxg7+ Kxg7 17. Qb5 Qd7 18. Qxb7 Rb8 19. Qa6 Rxb2 20. Rf1 Kg8 21. Nb3 Qh3 22. Bf2 Rf7 23. Nc1 Rd2 24. Nb3 Rfxf2 25.
Rxf2 Rd1+ 26. Rf1 Rxf1+ 27. Qxf1 Qxf1+ 28. Kxf1 Bf7 29. Nc1 Bc4+ 30. Kf2 d5 31. Ke3 dxe4 32. Kxe4 Bd5+ 33. Kd3 Na5 34. a3 a6 35. Kd2 Nb3+ 36. Nxb3 Bxb3 37. Kd3 Kf7 38. c4 Ke6 39. Kc3 Ba2 40.
Kb4 Nc6+ 41. Kc5 Kd7 42. d5 Ne5 0-1

[Event "Early-Titled-Tuesday-Blitz-October-03-2023"]
[Site "Chess.com"]
[Date "2023.10.03"]
[Round "5"]
[White "Shuvalov"]
[Black "MokshAD1603"]
[Result "1/2-1/2"]
[WhiteElo "2469"]
[BlackElo "2618"]
[TimeControl "180+1"]
[EndTime "8:53:40 PDT"]
[Termination "Game drawn by repetition"]

1. d4 Nf6 2. c4 e6 3. Nc3 Bb4 4. e3 O-O 5. a3 Bxc3+ 6. bxc3 c5 7. Ne2 Nc6 8. Ng3 b6 9. e4 d6 10. Ra2 Ba6 11. Bg5 h6 12. h4 e5 13. dxc5 dxc5 14.
Rd2 Qe7 15. Nf5 Qe6 16. Rd6 Rad8 17. Bxf6 Rxd6 18. Qxd6 Qxd6 19. Nxd6 gxf6 20. Rh3 Kh7 21. Rg3 Na5 22. Rf3 Kg7 23. Rg3+ Kh7 24. Rf3 Kg7 25. Rg3+ Kh7 1/2-1/2

[Event "Early-Titled-Tuesday-Blitz-October-03-2023"]
[Site "Chess.com"]
[Date "2023.10.03"]
[Round "5"]
[White "BashirovKemal"]
[Black "Grischuk"]
[Result "0-1"]
[WhiteElo "2661"]
[BlackElo "3000"]
[TimeControl "180+1"]
[EndTime "8:53:44 PDT"]
[Termination "Grischuk won by resignation"]

1. d4 e6 2. Nf3 c5 3. e3 Nf6 4. b3 b6 5. Bb2 Bb7 6. Be2 d5 7. O-O Nbd7 8. Nbd2 Bd6 9. c4 O-O 10. Rc1 Rc8 11. Ne5 cxd4 12. exd4 Qe7 13. Nxd7 Nxd7 14.
cxd5 Bxd5 15. Nc4 Nf6 16. h3 Rfd8 17. Bd3 Bf4 18. Rc2 Qb7 19. f3 Bxc4 20. bxc4 Qb8 21. Qe2 Bh2+ 22. Kf2 Qg3+ 23. Ke3 Qf4+ 24. Kf2 Qh4+ 25.
g3 Qxg3+ 26. Ke3 Qf4+ 27. Kf2 Qh4+ 28. Kg2 Bf4 29. Qf2 Qg5+ 30. Kh1 Nh5 31. Rg1 Ng3+ 0-1

[Event "Early-Titled-Tuesday-Blitz-October-03-2023"]
[Site "Chess.com"]
[Date "2023.10.03"]
[Round "5"]
[White "Antik5"]
[Black "Vision_64"]
[Result "1-0"]
[WhiteElo "2503"]
[BlackElo "2348"]
[TimeControl "180+1"]
[EndTime "8:53:56 PDT"]
[Termination "Antik5 won by resignation"]

1. c4 c5 2. Nf3 Nc6 3. g3 g6 4. Bg2 Bg7 5. O-O Nf6 6. d4 cxd4 7.
Nxd4 O-O 8. Nc3 Nxd4 9. Qxd4 d6 10. Qd3 Nd7 11. Qc2 Ne5 12. b3 Bf5 13. e4 Bd7 14. h3 Nc6 15. Bb2 Nd4 16. Qd3 Qc8 17.
Kh2 f5 18. Nd5 Nc6 19. Bxg7 Kxg7 20. Qc3+ e5 21. exf5 gxf5 22. f4 Nd4 23. Rae1 Re8 24. fxe5 dxe5 25. Rxe5 Rxe5 26. Qxd4 1-0

[Event "Early-Titled-Tuesday-Blitz-October-03-2023"]
[Site "Chess.com"]
[Date "2023.10.03"]
[Round "5"]
[White "AlmasRakhmatullaev"]
[Black "temiksmozg"]
[Result "1-0"]
[WhiteElo "2799"]
[BlackElo "2608"]
[TimeControl "180+1"]
[EndTime "8:53:58 PDT"]
[Termination "AlmasRakhmatullaev won by checkmate"]

1. e4 c5 2. Nf3 e6 3. g3 Nc6 4. Bg2 Nf6 5. Qe2 d5 6. e5 Nd7 7. O-O Qc7 8. Re1 Be7 9. d3 O-O 10. Nbd2 b5 11. Nf1 a5 12. Bf4 Ba6 13. Ne3 Rac8 14.
Nxd5 exd5 15. e6 Bd6 16. exf7+ Rxf7 17. Ng5 Bxf4 18. Nxf7 Kxf7 19. Bxd5+ Kf8 20. Qe6 Nf6 21. gxf4 Nxd5 22. Qxd5 Nd4 23. Re3 Bb7 24. Qh5 Kg8 25. Re8+ Rxe8 26. Qxe8# 1-0

[Event "Early-Titled-Tuesday-Blitz-October-03-2023"]
[Site "Chess.com"]
[Date "2023.10.03"]
[Round "5"]
[White "Hasangatin_Ramil"]
[Black "Likvidator228"]
[Result "1-0"]
[WhiteElo "2739"]
[BlackElo "2560"]
[TimeControl "180+1"]
[EndTime "8:54:03 PDT"]
[Termination "Hasangatin_Ramil won by resignation"]

1. e4 c5 2. Nf3 g6 3. Bc4 Bg7 4. O-O Nc6 5. c3 e6 6. d4 cxd4 7. cxd4 d5 8. exd5 exd5 9. Bb5 Ne7 10. Bg5 O-O 11. Bxc6 bxc6 12. Nbd2 h6 13. Bf4 g5 14. Be5 f6 15. Bg3 Nf5 16. Rc1 Bd7 17. Nb3 h5 18. h4 Nxg3 19. fxg3 g4 20. Ne1 Qc7 21. Kh2 Rab8 22. Nd3 Bh6 23. Rc3 Qd6 24. Nf4 Bxf4 25. Rxf4 Kg7 26. Qd2 Rbe8 27. Nc5 Bc8 28. Re3 Re7 29. Rf2 Rfe8 30. Rxe7+ Rxe7 31. Nd3 Be6 32. Nc5 Bf7 33. Re2 Bg6 34. Re3 Be4 35. Qe2 f5 36.
Qf2 Kg6 37. Rb3 Rf7 38. Qf4 Qxf4 39. gxf4 g3+ 40. Kxg3 Kf6 41. Rb7 Rf8 42. Nd7+ Ke7 43. Nxf8+ Kxf8 44. Kf2 1-0

[Event "Early-Titled-Tuesday-Blitz-October-03-2023"]
[Site "Chess.com"]
[Date "2023.10.03"]
[Round "5"]
[White "UK_23"]
[Black "viktorskliarov"]
[Result "0-1"]
[WhiteElo "2443"]
[BlackElo "2648"]
[TimeControl "180+1"]
[EndTime "8:54:07 PDT"]
[Termination "viktorskliarov won by resignation"]

1. e4 c5 2. Nf3 Nc6 3. Bb5 e6 4. Bxc6 bxc6 5. O-O Ne7 6. h4 h5 7. d3 Ng6 8. g3 e5 9. b3 d6 10. Kg2 Bg4 11. Nbd2 Be7 12. Rh1 O-O 13. Qe1 f5 14. exf5 Bxf5 15. Ne4 d5 16. Neg5 e4 17. Nh2 Bxg5 18.
Bxg5 Qd7 19. Qd2 exd3 20. cxd3 Bh3+ 21. Kg1 Rae8 22. Nf1 Ne5 23. Nh2 Qf5 24. Rd1 Nxd3 25. f4 Qe4 26. a3 Qd4+ 0-1

[Event "Early-Titled-Tuesday-Blitz-October-03-2023"]
[Site "Chess.com"]
[Date "2023.10.03"]
[Round "5"]
[White "Triumphmate"]
[Black "HrvojeZagreb"]
[Result "1-0"]
[WhiteElo "2476"]
[BlackElo "2317"]
[TimeControl "180+1"]
[EndTime "8:54:07 PDT"]
[Termination "Triumphmate won by checkmate"]

1. e4 c5 2. Nf3 a6 3. Nc3 Nc6 4. d4 cxd4 5. Nxd4 Nf6 6. f4 d5 7. Nxc6 bxc6 8. e5 Bg4 9. Be2 Bxe2 10. Qxe2 Nd7 11. O-O e6 12. f5 Bc5+ 13. Kh1 O-O 14. f6 g6 15. Na4 Bd4 16. Bf4 Qc7 17. Rae1 Rfb8 18. c3 Ba7 19. Qg4 Nc5 20. Qh4 Qd8 21. Nxc5 Bxc5 22. Rf3 h5 23. b4 Bf8 24. Rg3 Kh7 25. Rg5 a5 26. Rxh5+ gxh5 27. Qxh5+ Kg8 28.
Re3 Bg7 29. Rg3 Kf8 30. Rxg7 Ke8 31. Qxf7# 1-0